 Dungeon Crawl Stone Soup version 0.31.0-4-g52a2dc7128 (webtiles) character file.

Game seed: 15767460588548447119

3217 Xavori the Carver (level 10, -1/70 HPs)
             Began as a Djinni Chaos Knight on Jan 22, 2024.
             Was a Plaything of Xom.
             Slain by a yak (9 damage)
             ... on level 7 of the Dungeon.
             The game lasted 00:07:13 (6713 turns).

Xavori the Carver (Djinni Chaos Knight)             Turns: 6713, Time: 00:07:13

Health: -1/70      AC: 15    Str: 14    XL:     10   Next: 17%
Gold:   22         EV: 15    Int: 14    God:    Xom [.*....] SH:  4 Dex: 18

rFire   + + .        H - +6 falchion (chaos)
rCold   x . .        (no shield)
rNeg    . . .        b - +2 leather armour
rPois   ∞            (no helmet)
rElec   .            (no cloak)
rCorr   .            (no gloves)
SInv    .            (boots unavailable)
Will    +....        (no amulet)
Stlth   +            B - ring of wizardry
HPRegen 0.31/turn    k - +4 ring of protection
MPRegen 0.00/turn

%: wizardry (x1), infuse magic (-2 HP)
@: ice-armoured, flying
A: sickness immunity, fire resistance 2, cold vulnerability 1, float, innate
caster, HP casting, extra vitality 1, iridescent scales 1, large bone plates 1,
agile 1, strong 1
a: Renounce Religion


You were on level 7 of the Dungeon.
You worshipped Xom.
You were a plaything of Xom.
You visited 1 branch of the dungeon, and saw 8 of its levels.

You collected 358 gold pieces.
You spent 336 gold pieces at shops.

Inventory:

Hand Weapons
 a - a +0 falchion of chaos
 x - a +0 scimitar of chaos
 H - a +6 falchion of chaos (weapon)
Armour
 b - a +2 leather armour (worn)
Jewellery
 e - a +6 ring of strength
 k - a +4 ring of protection (right hand)
 u - a ring of willpower
 B - a ring of wizardry (left hand)
 C - a ring of resist corrosion
Wands
 d - a wand of quicksilver (1)
 t - a wand of polymorph (8)
 G - a wand of iceblast (14)
Scrolls
 c - a scroll of butterflies
 f - 3 scrolls of teleportation
 g - a scroll of silence
 h - 2 scrolls of fog
 j - a scroll of identify
 q - 2 scrolls of blinking
 w - 2 scrolls of poison
 y - 2 scrolls of noise
 A - 2 scrolls of immolation {unknown}
 D - a scroll of revelation
 E - a scroll of fear
 F - a scroll of amnesia {unknown}
Potions
 i - a potion of magic {unknown}
 l - 5 potions of curing
 m - 3 potions of heal wounds
 n - 5 potions of mutation {unknown}
 o - a potion of attraction {unknown}
 p - 3 potions of degeneration {unknown}
 r - 2 potions of brilliance
 s - a potion of haste {unknown}
 v - a potion of enlightenment {unknown}
 z - a potion of might {unknown}


   Skills:
 + Level 5.5 Fighting
 + Level 8.6 Long Blades
 + Level 4.2 Armour
 + Level 6.0 Dodging
 + Level 2.9 Shields
 * Level 3.5 Spellcasting
 * Level 3.5 Conjurations
 * Level 3.5 Hexes
 * Level 3.5 Summonings
 * Level 3.5 Necromancy
 * Level 3.5 Translocations
 * Level 3.5 Fire Magic
 * Level 3.5 Ice Magic
 * Level 3.5 Air Magic
 * Level 3.5 Earth Magic
 * Level 3.5 Alchemy
 * Level 2.6 Evocations


You knew the following spells:

 Your Spells              Type           Power      Damage    Failure   Level
a - Sting                 Conj/Alch      48%        1d6       2%          1
b - Searing Ray           Conj           24%        2d5       3%          2
c - Ozocubu's Armour      Ice            12%        N/A       8%          3
d - Ignite Poison         Fire/Alch      12%        N/A       24%         4
Your spell library was empty.

Dungeon Overview and Level Annotations

Branches:
Dungeon (8/15)             Temple (0/1) D:7
   Lair: D:8-11

Altars:
Cheibriados
Xom
The Shining One

Shops:
D:7 *


Innate Abilities, Weirdness & Mutations

You are immune to sickness and miasma.
You are immune to poison.
Your flesh is very heat resistant. (rF++)
You are vulnerable to cold. (rC-)
You float through the air rather than walking.
You learn spells naturally, not from books.
Your magical power is your life essence.
You have superior vitality. (+4 MHP)
You are partially covered in iridescent scales. (AC +2)
You are partially covered in large bone plates. (SH +4)
You are agile. (Dex +4, Str/Int -1)
Your muscles are strong. (Str +4, Int/Dex -1)


Message History

The yak is moderately wounded.
The yak gores you but does no damage. The yak gores you.
You hit the yak. You freeze the yak.
The yak is almost dead.
The yak misses you. The yak gores you but does no damage.
Unknown command.
You slash the yak!
You kill the yak!
The yak gores you.
You hit the yak.
The yak suddenly seems more resistant.
The yak is moderately wounded.
You block the yak's attack.
You barely miss the yak.
The yak is moderately wounded.
The yak closely misses you.
You closely miss the yak.
The yak is moderately wounded.
You hit the yak.
The yak seems to speed up.
The yak is heavily wounded.
The yak gores you. The yak closely misses you.
You hit the yak. You burn the yak.
The yak is severely wounded.
The yak gores you!
You emit a cloud of colourful smoke!
You slash the yak!
You kill the yak!
Your Dodging skill increases to level 6!
You barely miss the yak. The yak gores you.
* * * LOW HITPOINT WARNING * * *
You slash the yak!
The yak seems to speed up.
The yak is moderately wounded.
The yak completely misses you.
You slash the yak!
The yak is heavily wounded.
The yak gores you!
* * * LOW HITPOINT WARNING * * *
You barely miss the yak. You punch the yak, but do no damage.
The yak is heavily wounded.
The yak gores you!
You die...

##.# #.#######..#.##
...# #.........#.##
...# #...#####'#.#
##.#####.#.# #.#.#
##.<.....#.# #.#.#
###.#.##...# ###∩#.#
# #.#.##...###.#.#.#
# #.#..........#§#.#
# #.#........###@#.#
# #.##.......# #Y#.#
###.####...#####§#.#
...............#'#.#
###.####>..#####...#
...........# #####
#####.....## #.##.##
#####.##.#


You could see a yak (fast).

Vanquished Creatures
  Pikel (D:4)
  Sigmund (D:2)
  3 yaks (D:7)
  An ice beast (D:7)
  An orc warrior (D:7)
  2 sky beasts (D:7)
  A black bear (D:7)
  An ogre (D:5)
  A wolf (D:5)
  A kobold brigand (D:7)
  Blork the orc (D:4)
  A bullfrog (D:6)
  3 scorpions
  5 wights (D:7)
  4 killer bees (D:7)
  A howler monkey (D:5)
  A jelly (D:4)
  4 hounds
  2 orc priests
  A sleepcap (D:3)
  4 iguanas
  4 orc wizards
  3 gnolls (D:5)
  5 adders
  2 shadow imps (D:7)
  4 ufetubi
  A dart slug (D:1)
  6 ribbon worms
  20 orcs
  A bat (D:3)
  5 endoplasms
  4 giant cockroaches
  6 goblins
  3 hobgoblins
  6 kobolds
  4 quokkas
  5 ball pythons
  A frilled lizard (D:2)
  3 rats
123 creatures vanquished.

Vanquished Creatures (collateral kills)
  An orc (D:6)
1 creature vanquished.

Vanquished Creatures (others)
  A yak (D:7)
  A jelly (D:6)
  An orc (D:7)
  A kobold (D:7)
4 creatures vanquished.

Grand Total: 128 creatures vanquished

Notes
Turn   | Place    | Note
-------+----------+-------------------------------------------
     0 | D:1      | Xavori the Djinni Chaos Knight began the quest for the Orb.
     0 | D:1      | Reached XP level 1. HP: 20/20 MP: 0/0
   126 | D:1      | Reached XP level 2. HP: 19/25 MP: 0/0
   239 | D:1      | Found a faded altar of an unknown god.
   466 | D:1      | XOM: silly message
  1267 | D:1      | XOM: silly message
  1522 | D:1      | XOM: give mutation
  1522 | D:1      | Gained mutation: You are partially covered in large bone
                  | plates. (SH +4) [Xom's mischief]
  1636 | D:2      | Reached skill level 3 in Long Blades
  1636 | D:2      | Reached XP level 3. HP: 25/30 MP: 0/0
  1636 | D:2      | Learned a level 1 spell: Sting
  1737 | D:2      | XOM: give mutation
  1737 | D:2      | Gained mutation: You are agile. (Dex +4, Str/Int -1) [Xom's
                  | grace]
  1746 | D:2      | XOM: cleaving
  1917 | D:2      | XOM: polymorph dart slug -> ball python
  1919 | D:2      | XOM: snakes to sticks
  1966 | D:2      | XOM: 3-stop teleportation journey
  2155 | D:2      | Noticed Sigmund
  2156 | D:2      | XOM: butterfly on damage
  2202 | D:2      | XOM: cast spell 'Animate Armour'
  2226 | D:2      | XOM: fake destruction
  2235 | D:2      | XOM: divination: magic mapping
  2236 | D:2      | Killed Sigmund
  2237 | D:2      | Reached skill level 4 in Long Blades
  2237 | D:2      | Reached skill level 1 in Spellcasting
  2237 | D:2      | Reached skill level 1 in Conjurations
  2237 | D:2      | Reached skill level 1 in Hexes
  2237 | D:2      | Reached skill level 1 in Summonings
  2237 | D:2      | Reached skill level 1 in Necromancy
  2237 | D:2      | Reached skill level 1 in Translocations
  2237 | D:2      | Reached skill level 1 in Fire Magic
  2237 | D:2      | Reached skill level 1 in Ice Magic
  2237 | D:2      | Reached skill level 1 in Air Magic
  2237 | D:2      | Reached skill level 1 in Earth Magic
  2237 | D:2      | Reached skill level 1 in Alchemy
  2237 | D:2      | Reached XP level 4. HP: 5/35 MP: 0/0
  2237 | D:2      | Reached XP level 5. HP: 5/40 MP: 0/0
  2237 | D:2      | Learned a level 2 spell: Searing Ray
  2237 | D:2      | Reached XP level 6. HP: 6/46 MP: 0/0
  2395 | D:2      | Found a shimmering altar of Xom.
  2424 | D:2      | XOM: give mutations
  2424 | D:2      | Gained mutation: You are partially covered in iridescent
                  | scales. (AC +2) [Xom's grace]
  2424 | D:2      | Gained mutation: Your muscles are strong. (Str +4, Int/Dex
                  | -1) [Xom's grace]
  2843 | D:3      | XOM: scenery: create altars
  2915 | D:3      | Found a snail-covered altar of Cheibriados.
  3034 | D:3      | XOM: god gift: +0 scimitar of chaos
  3255 | D:4      | XOM: cast spell 'Leda's Liquefaction'
  3261 | D:4      | XOM: 5-stop teleportation journey
  3281 | D:4      | Reached XP level 7. HP: 51/51 MP: 0/0
  3281 | D:4      | Learned a level 3 spell: Ozocubu's Armour
  3424 | D:4      | Noticed Pikel
  3439 | D:4      | Killed Pikel
  3440 | D:4      | Reached skill level 6 in Long Blades
  3440 | D:4      | Reached skill level 1 in Shields
  3440 | D:4      | Reached XP level 8. HP: 57/58 MP: 0/0
  3511 | D:4      | Noticed Blork the orc
  3524 | D:4      | Killed Blork the orc
  3796 | D:5      | Entered Level 5 of the Dungeon
  4326 | D:5      | XOM: confuse monster(s)
  4368 | D:5      | XOM: cloud trail
  4415 | D:5      | XOM: silly message
  4434 | D:5      | Reached skill level 7 in Long Blades
  4689 | D:5      | Reached XP level 9. HP: 61/63 MP: 0/0
  4689 | D:5      | Learned a level 4 spell: Ignite Poison
  5120 | D:6      | Found a glowing golden altar of the Shining One.
  5120 | D:6      | XOM: 4-stop teleportation journey
  5121 | D:6      | XOM: enchant monster (bad)
  5124 | D:6      | XOM: fog
  5126 | D:6      | XOM: divine lightning
  5127 | D:6      | XOM: enchant monster (good)
  5143 | D:6      | XOM: summons 2 friendly demons
  5447 | D:6      | Identified the +3 ring mail of the Centaur {rPois rCorr
                  | Str-5 Slay+6}
  5645 | D:7      | Reached skill level 5 in Dodging
  5672 | D:7      | XOM: swap monsters
  5698 | D:7      | Reached skill level 5 in Fighting
  5883 | D:7      | Found Acib's General Store.
  5987 | D:7      | XOM: scenery: summon butterflies
  6032 | D:7      | XOM: noise
  6036 | D:7      | Reached skill level 8 in Long Blades
  6036 | D:7      | Reached skill level 1 in Evocations
  6132 | D:7      | XOM: potion effect (invisibility)
  6145 | D:7      | XOM: chaos upgrade
  6146 | D:7      | XOM: confuse monster(s)
  6302 | D:7      | Reached XP level 10. HP: 51/70 MP: 0/0
  6354 | D:7      | XOM: silly message
  6372 | D:7      | Found a staircase to the Ecumenical Temple.
  6448 | D:7      | XOM: 1-stop teleportation journey
  6676 | D:7      | Bought a potion of curing for 42 gold pieces
  6676 | D:7      | Bought a potion of heal wounds for 70 gold pieces
  6676 | D:7      | Bought a potion of brilliance for 56 gold pieces
  6676 | D:7      | Bought a wand of iceblast (5) for 168 gold pieces
  6708 | D:7      | XOM: smoke on damage
  6713 | D:7      | Slain by a yak

Illustrated notes

Levels and vault maps discovered:
D:1:      nicolae_arrival_washed_ashore, layout_rooms,
          hellmonk_ecumenical_altar_arch_garden
D:2:      layout_loops_cross, basic_altar, glass_columns_b,
          guppyfry_early_orc_mine, uniq_sigmund
D:3:      layout_rooms, mainiacjoe_overflow_surrounded_room, grunt_ministairs_8,
          nicolae_wormholes
D:4:      layout_basic, uniq_pikel, uniq_blork_the_orc
D:5:      layout_basic
D:6:      layout_layer_cave, amcnicky_altar_gilded
D:7:      layout_loops_ring, minmay_temple_entry_drinking_statues, serial_shops,
          nicolae_shop_hallway_stairs
D:8:      layout_basic, kiku_gazebo_garden_becter, mainiacjoe_overflow_alcove_3

Skill      XL: |  1  2  3  4  5  6  7  8  9 10 |
---------------+-------------------------------+-----
Long Blades    | 3 4 6 7 8 |  8.6
Armour         | 2 3 4 |  4.2
Spellcasting   | 1 2 3 |  3.5
Conjurations   | 1 2 3 |  3.5
Hexes          | 1 2 3 |  3.5
Summonings     | 1 2 3 |  3.5
Necromancy     | 1 2 3 |  3.5
Translocations | 1 2 3 |  3.5
Fire Magic     | 1 2 3 |  3.5
Ice Magic      | 1 2 3 |  3.5
Air Magic      | 1 2 3 |  3.5
Earth Magic    | 1 2 3 |  3.5
Alchemy        | 1 2 3 |  3.5
Dodging        | 3 4 5 6 |  6.0
Fighting       | 4 5 |  5.5
Shields        | 1 2 |  2.9
Evocations     | 1 2 |  2.6

Action                     |  1- 3 |  4- 6 |  7- 9 | 10-12 || total
---------------------------+-------+-------+-------+-------++-------
  Melee: Falchion          |    71 |    67 |     6 |    27 ||   171
         Scimitar          |       |    26 |   272 |       ||   298
         Punch             |       |     4 |     2 |     1 ||     7
   Cast: Sting             |       |     1 |     7 |       ||     8
         Ozocubu's Armour  |       |       |     5 |     1 ||     6
  Evoke: Wand              |       |       |     1 |       ||     1
    Use: Scroll            |       |       |     9 |       ||     9
   Stab: Confused          |       |       |     2 |       ||     2
         Sleeping          |       |       |     1 |       ||     1
         Invisible         |       |       |     5 |       ||     5
         Paralysed         |       |       |     1 |       ||     1
         Distracted        |       |       |       |     1 ||     1
 Armour: Leather armour    |    53 |    49 |   198 |    22 ||   322
  Dodge: Dodged            |    48 |    45 |   250 |    17 ||   360
  Block: Other             |     4 |    12 |    45 |     3 ||    64
